 Dungeon Sprint DCSS version 0.20.1-1-g8b1a95d (webtiles) character file.

429 wojtek the Cleaver (level 6, -14/91 HPs)
             Began as a Minotaur Berserker on Dec 28, 2017.
             Was a Believer of Trog.
             Demolished by a centaur warrior (16 damage)
             ... in the Dungeon (Sprint I: "Red Sonja").
             The game lasted 00:01:09 (460 turns).

wojtek the Cleaver (Minotaur Berserker)              Turns: 460, Time: 00:01:09

Health: -14/91     AC:  2    Str: 28    XL:     6   Next: 66%
Magic:  5/5        EV: 15    Int:  4    God:    Trog [**....]
Gold:   297        SH:  0    Dex: 10    Spells: 5/5 levels left

rFire    . . .     SeeInvis .   a - +0 hand axe
rCold    . . .     Gourm    .   (no shield)
rNeg     . . .     Faith    .   b - +0 animal skin
rPois    .         Spirit   .   (helmet restricted)
rElec    .         Reflect  .   (no cloak)
rCorr    .         Harm     .   (no gloves)
MR       .....     NoTele   +   (no boots)
Stlth    ..........             (no amulet)
Regen    0.3/turn               (no ring)
MPRegen  0.1/turn               (no ring)

@: berserking, slow
A: retaliatory headbutt, horns 2
a: Berserk, Trog's Hand, Burn Spellbooks, Renounce Religion


You were in the Dungeon.
You worshipped Trog.
Trog was pleased with you.
You were hungry.

You visited 1 branch You collected 297 gold pieces.

Inventory:

Hand Weapons
 a - a +0 hand axe (weapon)
Armour
 b - a +0 animal skin (worn)
Scrolls
 i - a scroll of blinking
Potions
 d - a potion of curing
 e - a potion of heal wounds
 f - a potion of haste
 g - 2 potions of magic
 h - a potion of berserk rage
 k - a potion of flight {unknown}
Comestibles
 c - a bread ration
 j - 6 chunks of flesh
 l - a royal jelly
 m - a meat ration


   Skills:
 + Level 7.8 Fighting
 * Level 10.6 Axes
 * Level 10.2 Armour
 + Level 6.7 Dodging


You had 5 spell levels left.
You didn't know any spells.

Dungeon Overview and Level Annotations

Branches:
Dungeon (1/1)

Altars:
Cheibriados
Dithmenos
Elyvilon
Fedhas
Gozag
Hepliaklqana
Kikubaaqudgha
Nemelex Xobeh
Okawaru
Qazlal
Ru
Sif Muna
Trog
Uskayaw
Vehumet
Yredelemnul
Zin
The Shining One

Shops:
D :


Innate Abilities, Weirdness & Mutations

You reflexively headbutt those who attack you in melee.
You have a pair of horns on your head.


Message History

You are feeling hungry.
The centaur warrior shoots an arrow.
The arrow hits you!
* * * LOW HITPOINT WARNING * * *
You hear a splash.
You feel a strong urge to attack something.
The centaur warrior unwields an uncursed shortbow.
The centaur warrior misses you. You furiously retaliate!
You headbutt the centaur warrior.
The centaur warrior hits you with a longbow.
* * * LOW HITPOINT WARNING * * *
The centaur warrior hits you!
* * * LOW HITPOINT WARNING * * *
You slash the centaur warrior!
The centaur warrior is moderately wounded.
You hit the centaur warrior.
The centaur warrior hits you but does no damage.
You hit the centaur warrior. You headbutt the centaur warrior!
The centaur warrior is heavily wounded.
You hit the centaur warrior. The centaur warrior hits you!
You die...

##############
.#..)..#.)'..#
.').#..'..#..+
.#####'#####'# ###
.####..#...#.####c§#
.#__####..##.#≈§@§§#
.#_____##'#..§§§§c§+
⌠#_.∩...'..._#§§§.§#
##_..__##_.#+##+####
#_____###+# #######


You could see 2 centaur warriors.

Vanquished Creatures
  Sigmund (D)
  A yak (D)
  An ogre (D)
  A jelly (D)
  Ijyb (D)
5 creatures vanquished.

Notes
Turn   | Place    | Note
-------+----------+-------------------------------------------
     0 | D        | wojtek the Minotaur Berserker began the quest for the Orb.
     0 | D        | Reached XP level 1. HP: 19/19 MP: 0/0
     1 | D        | Noticed Ijyb
     5 | D        | Killed Ijyb
     5 | D        | Reached skill level 5 in Axes
     5 | D        | Reached XP level 2. HP: 28/28 MP: 1/1
    40 | D        | Noticed an ogre
    42 | D        | Killed an ogre
    42 | D        | Reached skill level 5 in Fighting
    42 | D        | Reached XP level 3. HP: 37/37 MP: 2/2
    42 | D        | Reached XP level 4. HP: 44/44 MP: 3/3
    80 | D        | Noticed Sigmund
    87 | D        | Killed Sigmund
    87 | D        | Reached ** piety under Trog
    87 | D        | Reached skill level 5 in Dodging
    87 | D        | Reached XP level 5. HP: 32/52 MP: 4/4
   255 | D        | Found a deep blue altar of Sif Muna.
   257 | D        | Found a radiant altar of Vehumet.
   262 | D        | Reached XP level 6. HP: 54/60 MP: 5/5
   286 | D        | Found Cippuugo's Book Emporium.
   286 | D        | Found an ancient bone altar of Kikubaaqudgha.
   286 | D        | Found a hazy altar of Hepliaklqana.
   286 | D        | Found a hide-covered altar of Uskayaw.
   286 | D        | Found a basalt altar of Yredelemnul.
   286 | D        | Found an opulent altar of Gozag.
   286 | D        | Found a snail-covered altar of Cheibriados.
   286 | D        | Found a sacrificial altar of Ru.
   286 | D        | Found a shadowy altar of Dithmenos.
   286 | D        | Noticed a yak
   293 | D        | Killed a yak
   293 | D        | Reached skill level 10 in Axes
   293 | D        | Reached skill level 10 in Armour
   294 | D        | Found a stormy altar of Qazlal.
   294 | D        | Found a blossoming altar of Fedhas.
   294 | D        | Found a bloodstained altar of Trog.
   294 | D        | Found an iron altar of Okawaru.
   294 | D        | Found a glowing golden altar of the Shining One.
   294 | D        | Found a glowing silver altar of Zin.
   294 | D        | Found a white marble altar of Elyvilon.
   297 | D        | Found a sparkling altar of Nemelex Xobeh.
   454 | D        | Noticed a centaur warrior
   455 | D        | Noticed a centaur warrior
   458 | D        | HP: 2/91 [centaur warrior (8)]
   460 | D        | Demolished by a centaur warrior

Skill      XL: |  1  2  3  4  5  6 |
---------------+-------------------+-----
Fighting       | 4 5 7 |  7.8
Axes           | 5 7 9 10 | 10.6
Armour         | 4 6 9 10 | 10.2
Dodging        | 3 4 5 6 |  6.7

Action                   |  1- 3 |  4- 6 || total
-------------------------+-------+-------++-------
Melee: Hand axe          |     3 |    15 ||    18
       Headbutt          |     1 |     7 ||     8
Invok: Berserk           |     2 |     2 ||     4
  Eat: Chunk             |       |     1 ||     1
Armor: Animal skin       |       |     2 ||     2
Dodge: Dodged            |     1 |     5 ||     6
